Map: Babylon LE

Players

Maldryl - Winner!

  • Race: Zerg Zerg
  • League: Diamond
  • Spawn Location: 11:00

Bepis

  • Race: Zerg Zerg
  • League: Master
  • Spawn Location: 5:00

VOD

Have the link to the VOD?

Description

Time

  • Played on: May 12, 2023, 2:51 p.m.
  • Length: 7:53
Show
View Real Time Build Order
Export as new Build Order

Maldryl Zerg - Winner!

Build Orders: Hatch First 

Get SALT Encoding   

  12  0:00  Drone  
  13  0:12  Overlord  
  13  0:16  Drone  
  14  0:30  Drone x2  
  16  0:48  Hatchery  
  15  0:52  Drone  
  15  0:55  Drone  
  17  0:59  Drone  
  18  1:10  Extractor  
  17  1:15  Spawning Pool  
  16  1:19  Drone  
  16  1:21  Drone  
  18  1:27  Drone  
  20  1:40  Drone  
  20  1:49  Drone  
  21  2:00  Drone x2  
  23  2:01  Queen x2  
  27  2:11  Overlord  
  27  2:12  Zergling x2  
  27  2:14  Metabolic Boost  
  28  2:30  Drone x2  
  28  2:37  Hatchery  
  29  2:45  Drone, Baneling Nest  
  29  2:47  Drone  
  29  2:51  Drone  
  31  2:53  Drone  
  31  2:56  Drone  
  32  2:58  Drone  
  32  3:05  Zergling x4  
  35  3:10  Overlord  
  35  3:16  Drone  
  36  3:21  Extractor  
  36  3:24  Drone  
  36  3:25  Overlord  
  36  3:28  Queen  
  36  3:29  Drone x3  
  36  3:31  Drone  
  42  3:43  Drone x2  
  42  3:44  Drone  
  42  3:47  Evolution Chamber  
  44  3:50  Baneling x4, Zergling x2  
  44  3:54  Zergling x4  
  47  3:59  Zergling x2  
  47  4:02  Zergling x2  
  49  4:06  Zergling x10  
  49  4:07  Zergling x2  
  55  4:17  Zerg Missile Weapons Level 1  
  55  4:22  Drone x3  
  55  4:23  Roach Warren  
  57  4:26  Drone  
  58  4:32  Overlord x2  
  58  4:36  Lair  
  58  4:50  Overlord  
  58  4:52  Drone x7  
  63  5:08  Drone x10  
  63  5:13  Extractor  
  72  5:14  Extractor  
  72  5:21  Drone x3  
  72  5:22  Drone x2  
  76  5:35  Overlord x3  
  75  5:41  Overlord x2  
  75  5:48  Roach x3  
  81  5:51  Overlord  
  81  5:54  Roach x6  
  93  5:58  Glial Reconstitution  
  93  6:01  Roach  
  95  6:06  Roach x2  
  99  6:15  Roach x10  
  116  6:21  Roach  
  116  6:25  Overlord x2  
  118  6:34  Roach x2  
  118  6:36  Overlord  
  122  6:42  Roach x4  
  126  6:47  Roach x5  
  136  6:55  Roach x2  
  136  6:56  Overlord  
  139  7:02  Roach x2  
  143  7:09  Roach x5  
  153  7:17  Roach x4  
  161  7:23  Overlord x2  
  161  7:27  Overlord x2  
Show
View Real Time Build Order
Export as new Build Order

Bepis Zerg 

Build Orders: Hatch First 

Get SALT Encoding   

  12  0:00  Drone  
  13  0:12  Overlord  
  13  0:17  Drone  
  14  0:30  Drone x2  
  16  0:51  Hatchery  
  16  0:53  Drone  
  16  0:55  Drone  
  17  1:00  Drone  
  18  1:09  Extractor  
  17  1:15  Spawning Pool  
  17  1:18  Drone  
  17  1:22  Drone  
  18  1:29  Drone  
  19  1:38  Drone  
  20  1:49  Drone  
  21  2:04  Queen x2  
  21  2:05  Overlord, Zergling x2  
  26  2:12  Metabolic Boost  
  26  2:15  Drone x2  
  28  2:24  Drone  
  28  2:25  Drone  
  30  2:37  Hatchery  
  30  2:43  Drone x2  
  31  2:47  Baneling Nest  
  31  2:50  Overlord  
  30  3:01  Overlord  
  30  3:02  Drone x2  
  32  3:08  Drone x2  
  34  3:14  Drone x2  
  34  3:15  Overlord  
  36  3:22  Zergling x2  
  36  3:23  Zergling x6  
  36  3:25  Zergling x2  
  41  3:31  Baneling x2  
  41  3:39  Drone x2  
  43  3:47  Drone  
  44  3:50  Drone x7, Evolution Chamber  
  44  3:54  Drone  
  51  4:02  Drone x2  
  53  4:08  Queen  
  55  4:13  Overlord  
  55  4:15  Roach Warren  
  54  4:24  Drone x7  
  54  4:25  Zerg Missile Weapons Level 1  
  54  4:28  Zergling x8  
  65  4:32  Zergling x4  
  67  4:39  Zergling x2  
  67  4:41  Zergling x2  
  69  4:48  Drone x2  
  71  4:54  Lair  
  71  4:55  Drone x3  
  71  4:56  Overlord  
  71  4:57  Overlord  
  68  5:09  Drone x5  
  68  5:10  Drone  
  68  5:12  Extractor  
  68  5:13  Extractor  
  72  5:14  Drone  
  72  5:15  Drone  
  72  5:21  Drone  
  75  5:27  Drone  
  75  5:28  Drone x2  
  77  5:36  Drone x5  
  77  5:37  Baneling x2  
  77  5:40  Extractor  
  77  5:41  Extractor x2, Drone x5  
  84  5:47  Roach  
  86  5:56  Overlord x3  
  86  5:58  Glial Reconstitution  
  86  6:00  Overseer  
  86  6:02  Roach  
  88  6:14  Roach x5  
  88  6:15  Roach x3  
  104  6:26  Roach  
  104  6:27  Roach x2  
  104  6:28  Queen  
  104  6:29  Overlord  
  112  6:39  Overlord x2  
  114  6:40  Roach, Hydralisk Den  
  114  6:43  Hatchery  
  109  6:48  Roach x6  
  122  6:56  Overlord x3  
  122  7:00  Overlord x2  
  122  7:09  Roach x3  
  122  7:10  Roach x5  
  122  7:12  Overlord x2  
  138  7:26  Roach  
  138  7:27  Roach x4  
Tags
 
Add a new tag
Caveats
  • Supply blocks, unpowered buildings, or Contaminate may cause inaccurate times.
  • Supply counts are checked every 10 seconds.